AoeStats
← OFA

MegaRandom

506475622Analyzed
3v3 RM · 18d ago on Sep 13, 2026· 40m 49s· 6 players
Game mode
Random Map
Map size
Normal (6 player)
Population
200
Speed
Normal
Resources
Standard
Victory
Conquest
Starting age
Dark Age
Ending age
Imperial Age
RankedLock teamsTeams togetherTeam positionsShared explorationLock speedFull tech treeHidden civsTurbo modeCheats
Victory
Defeat
🇦🇹 Huns · Austria
1212
+12
🇦🇹 Britons · Austria
1108
+16
🇹🇷 Berbers · Türkiye
1081
+18
🇩🇪 Georgians · Germany
1130
-16
🇩🇪 Mongols · Germany
1116
-15
🇷🇺 Muisca · Russia
1105
-15
rudalex2006
5:03 Loom
9:51 Feudal Age
10:45 Double-Bit Axe
16:19 Castle Age
22:30 Champi Runner
23:23 Town Watch
23:39 Horse Collar
23:24 Champi Warrior
24:25 Bow Saw
24:44 Scale Mail Armor
24:55 Forging
31:31 Chain Mail Armor
32:22 Squires
33:03 Heavy Plow
34:07 Wheelbarrow
theotherside
0:37 Loom
9:51 Feudal Age
11:03 Double-Bit Axe
14:06 Horse Collar
18:42 Stone Mining
20:55 Castle Age
20:53 Bloodlines
21:18 Scale Barding Armor
24:00 Bow Saw
25:36 Fletching
29:37 Chain Barding Armor
29:15 Gold Mining
30:52 Bodkin Arrow
32:59 Svan Towers
34:14 Wheelbarrow
35:42 Guard Tower
37:10 Ballistics
39:52 Imperial Age
38:11 Husbandry
38:40 Treadmill Crane
40:39 Masonry
40:22 Arrowslits
DasEd86
0:32 Loom
8:50 Feudal Age
9:31 Double-Bit Axe
9:27 Horse Collar
12:33 Wheelbarrow
17:38 Castle Age
15:39 Fletching
17:02 Gold Mining
17:37 Bloodlines
18:18 Bodkin Arrow
18:36 Husbandry
18:43 Padded Archer Armor
20:49 Leather Archer Armor
28:49 Ballistics
29:52 Thumb Ring
32:14 Light Cavalry
33:00 Scale Barding Armor
36:06 Imperial Age
34:59 Chain Barding Armor
HOOLA | Thorfast
7:15 Loom
9:40 Feudal Age
13:00 Double-Bit Axe
14:39 Fletching
15:58 Padded Archer Armor
22:25 Castle Age
23:13 Thumb Ring
23:27 Bow Saw
22:59 Horse Collar
24:00 Bodkin Arrow
24:20 Leather Archer Armor
27:11 Wheelbarrow
26:47 Town Watch
30:00 Hand Cart
30:58 Ballistics
30:35 Murder Holes
34:47 Heavy Plow
HOOLA | Gittlerella
9:13 Loom
11:51 Feudal Age
21:46 Castle Age
20:10 Double-Bit Axe
20:08 Horse Collar
20:40 Fletching
21:10 Gold Mining
21:58 Crossbowman
23:40 Heavy Plow
24:03 Padded Archer Armor
24:47 Bodkin Arrow
27:15 Wheelbarrow
28:51 Ballistics
29:33 Bow Saw
30:00 Leather Archer Armor
35:40 Imperial Age
33:55 Gold Shaft Mining
35:17 Yeomen
35:50 Arbalester
38:31 Bracer
40:05 Ring Archer Armor
41:03 Conscription
OFA
0:53 Loom
11:46 Feudal Age
17:46 Castle Age
17:24 Double-Bit Axe
17:22 Horse Collar
19:36 Bow Saw
22:16 Wheelbarrow
22:53 Padded Archer Armor
22:43 Fletching
24:52 Leather Archer Armor
24:32 Bodkin Arrow
25:17 Ballistics
26:49 Bodkin Arrow
27:34 Husbandry
27:45 Bloodlines
33:21 Imperial Age
32:39 Thumb Ring
33:17 Hand Cart
33:22 Forging
33:18 Scale Barding Armor
35:23 Chemistry
36:36 Ring Archer Armor
36:07 Bracer
36:15 Heavy Camel Rider
36:58 Bracer
37:54 Conscription
38:15 Maghrebi Camels
Connection lost

Rejoining the realm…

Still unreachable

The connection could not be restored.

Session expired

The server has moved on; the page needs a fresh start.